nyob, neutral female human Barbarian ----- --------- |<..--- ------.......-- |.....---|.........--..| --..|....|.---------|..| --.|-.....---- ---- --|.........|--- ----.|....|..--- -----..|....| ------ |..|...... |..%%| --......-- |....| |........ ---|--------....------- ------.---...-|...-|..|..| |..|-%........|..--|..|..| |..-...............-|---|- -----.....{....----....)e@Y |..............-- |-[--.------ ||-----.........| |...|.|((.(| |...| --..------- |...|.-.[((| |...| ---- ------|..((| ----- ------ nyob the Bandit Experience level: 6 Strength: 18 Dexterity: 17 Constitution: 18 Intelligence: 9 Wisdom: 7 Charisma: 7 Health: 0(61) Energy: 11(11) Def: 8 Gold: 4 Moves: 1749 Dungeon seed: lDlwzKVdYFNNpFdU Game ID: nyob_1522170347 Your Inventory: Coins $ - 4 gold pieces Weapons a - a +0 two-handed sword b - a +1 axe (weapon in hand) k - 11 +0 daggers Armor n - a cursed -1 orcish helm (being worn) q - an uncursed +0 scale mail (being worn) z - a blessed +0 dwarvish cloak (being worn) N - an uncursed +2 pair of iron shoes (being worn) Comestibles C - an uncursed cram ration E - an uncursed food ration Spellbooks g - an uncursed spellbook of levitation Potions f - an uncursed potion of extra healing h - an uncursed potion of speed Wands m - a wand of magic missile (0:2) Tools l - 10 uncursed tallow candles (0:200) t - an uncursed lock pick A - an uncursed skeleton key D - an uncursed brass lantern (0:1495) Gems e - an uncursed worthless piece of white glass (in quiver) r - an uncursed worthless piece of black glass w - 2 uncursed obsidian stones y - 2 uncursed worthless pieces of yellowish brown glass Y - an uncursed worthless piece of green glass Spells and supernatural/magical abilities: Name Level Category Fail Memory L - levitation 4 escape 100% 98% W - pray for help -- divine ? -- Your skills at the end: Fighting Skills bare handed combat [Basic] Weapon Skills axe [Skilled] two-handed sword [Basic] Spellcasting Skills Final Attributes: You were piously aligned. You were poison resistant. You saw invisible. You are dead. Vanquished creatures: 3 wolves a dwarf lord a gnome mummy a Woodland-elf a pony a shrieker 3 gnome lords a gnomish wizard a floating eye 6 dwarves a wererat an iguana an acid blob a hobbit 2 giant rats a red mold 16 gnomes a gnome zombie 5 jackals a kobold a goblin 2 sewer rats 2 bats 2 newts 56 creatures vanquished. Voluntary challenges: You were an atheist. You used a wielded weapon 77 times, starting on turn 96. You read items or engraved 18 times, starting on turn 180. You never genocided any monsters. You never polymorphed an object. You never changed form. You used no wishes. You never split a pudding. You never wrote Elbereth's name. You violated your moral code, losing 10 points of alignment, starting on turn 1229. Dungeon overview: The Dungeons of Doom: levels 1 to 2 Level 1 a fountain a long staircase Level 2 a fountain stairs to The Gnomish Mines The Gnomish Mines: levels 3 to 5 Level 3 stairs to The Dungeons of Doom Level 4 Level 5 <- You were here some shops, a fountain History has recorded: On T:1 you entered the Dungeons of Doom to retrieve the Amulet of Yendor! On T:350 you reached level 2 of The Dungeons of Doom. On T:506 you reached level 1 of The Gnomish Mines. On T:527 you advanced to experience level 2. On T:595 you advanced to experience level 3. On T:649 you advanced to experience level 4. On T:1023 you reached level 2 of The Gnomish Mines. On T:1043 you advanced to experience level 5. On T:1357 you reached level 3 of The Gnomish Mines. On T:1507 you advanced to experience level 6. Score breakdown: Gold: 4 ( 2377 points) Experience: 6 levels (12456 points) Exploration: 5 levels ( 9.43%) ( 8320 points) Discoveries: 9 items ( 3.66%) ( 5738 points) Valuables value: (no points given unless you survive) Artifact value: 0 ( 0 points) Variety of kills: 24 monsters ( 6.30%) ( 7529 points) Turncount: 1749 turns ( 0 points) Survival: died (score multiplied by 80%) Total score: 29136 Latest messages: You smite the invisible Woodland-elf! The invisible Woodland-elf wields a dagger! The dagger welds itself to the invisible Woodland-elf's hand! You smite the invisible Woodland-elf! The invisible Woodland-elf zaps a wand of magic missile! The magic missile whizzes by you! The magic missile bounces! You kill the invisible Woodland-elf! Stupid eats a Woodland-elf corpse. You displace stupid. You smite the yeti! The yeti hits! (2x) The yeti just misses! You miss the yeti. The yeti hits! The yeti misses. (2x) The yeti hits! (2x) The yeti misses. You smite the yeti! The yeti hits! The yeti misses. The yeti bites! You smite the yeti! The yeti hits! (2x) The yeti bites! You die... Final status: Goodbye nyob the Barbarian, killed by a yeti... You died in The Gnomish Mines on dungeon level 5 with 29136 points, and 4 pieces of gold, after 1749 moves. You were level 6 with a maximum of 61 hit points when you died.